AoeStats
← Iguano Pop

Arabia

507220679Analyzed
1v1 RM · 15d ago on Sep 17, 2026· 25m 21s· 2 players
Game mode
Random Map
Map size
Tiny (2 player)
Population
200
Speed
Normal
Resources
Standard
Victory
Conquest
Starting age
Dark Age
Ending age
Imperial Age
RankedLock teamsTeams togetherTeam positionsShared explorationLock speedFull tech treeHidden civsTurbo modeCheats
Victory
Defeat
🇻🇪 Sicilians · Venezuela
1368
+14
🇲🇽 Dravidians · Mexico
1321
-14
Iguano Pop
6:56 Loom
9:13 Feudal Age
9:16 Man-at-Arms
16:07 Fletching
16:23 Double-Bit Axe
23:30 Castle Age
23:44 Town Watch
Noso_vinci
3:20 Loom
5:10 Loom
7:25 Loom
10:14 Feudal Age
15:27 Castle Age
16:52 Fletching
18:37 Scale Mail Armor
21:12 Chain Mail Armor
Connection lost

Rejoining the realm…

Still unreachable

The connection could not be restored.

Session expired

The server has moved on; the page needs a fresh start.